TOP OF THE 1ST |
Tremont Doubledays batting - Pitching for Augusta Timber Hawks : RHP Esteban Marino
|
Pitching: RHP Esteban Marino
|
|
Batting: RHB José Cervantes
|
0-0: Reached on error, E5 (Groundball, 56)
|
Batting: RHB Mario Rivera
|
0-0: Fly out, F9 (Flyball, 89S)
|
Batting: RHB Menno van de Vlugt
|
0-0: Ball 1-0: Called Strike 1-1: Ball 2-1: DOUBLE (Line Drive, 89M) José Cervantes scores
|
Batting: RHB Jim Unknown
|
0-0: Called Strike 0-1: Foul Ball, location: 2F 0-2: Foul Ball, location: 2F 0-2: Fly out, F9 (Flyball, 89S)
|
Batting: RHB Manuel Martínez
|
0-0: Fly out, F8 (Flyball, 8LM)
|
Top of the 1st over - 1 run(s), 1 hit(s), 1 error(s), 1 left on base; Tremont 1 - Augusta 0 |
BOTTOM OF THE 1ST |
Augusta Timber Hawks batting - Pitching for Tremont Doubledays : RHP Jim Unknown
|
Pitching: RHP Jim Unknown
|
|
Batting: SHB Javier Valle
|
0-0: Called Strike 0-1: Foul Ball, location: 2F 0-2: Foul Ball, location: 2F 0-2: Ball 1-2: Ball 2-2: Foul Ball, location: 2F 2-2: Foul Ball, location: 2F 2-2: Fly out, F7 (Flyball, 7S)
|
Batting: RHB Jim Burch
|
0-0: Ball 1-0: Ground out 6-3 (Groundball, 6)
|
Batting: RHB Luis Tapia
|
0-0: Fly out, F7 (Flyball, 7LS)
|
Bottom of the 1st over - 0 run(s), 0 hit(s), 0 error(s), 0 left on base; Tremont 1 - Augusta 0 |
TOP OF THE 2ND |
Tremont Doubledays batting - Pitching for Augusta Timber Hawks : RHP Esteban Marino
|
Batting: LHB Cornelius Taitt
|
0-0: Ball 1-0: Ball 2-0: Called Strike 2-1: Fly out, F7 (Flyball, 7LS)
|
Batting: RHB Jim Unknown
|
0-0: Called Strike 0-1: Ball 1-1: Swinging Strike 1-2: Strikes out swinging
|
Batting: RHB Arturo Morales
|
0-0: SINGLE (Line Drive, 6MD)
|
Batting: RHB Francisco García
|
0-0: Called Strike 0-1: Ball 1-1: Ball 2-1: Ball 3-1: Foul Ball, location: 2F 3-2: SINGLE (Groundball, 56S) (infield hit) Arturo Morales to second
|
Batting: RHB Jim Unknown
|
0-0: Called Strike 0-1: Ball 1-1: Ball 2-1: Ball 3-1: Fly out, F8 (Flyball, 8RM)
|
Top of the 2nd over - 0 run(s), 2 hit(s), 0 error(s), 2 left on base; Tremont 1 - Augusta 0 |
BOTTOM OF THE 2ND |
Augusta Timber Hawks batting - Pitching for Tremont Doubledays : RHP Jim Unknown
|
Now in LF: Jim Unknown
|
|
Batting: RHB Bob Sargent
|
0-0: Ball 1-0: SOLO HOME RUN (Flyball, 7D), Distance : 415 ft
|
Batting: RHB Rubén Marino
|
0-0: Ball 1-0: Called Strike 1-1: SINGLE (Groundball, 4D)
|
Batting: LHB Luis Moreno
|
0-0: Ball Rubén Marino is caught stealing 2nd base 1-0: Foul Ball, location: 2F 1-1: Called Strike 1-2: Ball 2-2: Ground out 4-3 (Groundball, 4M)
|
Batting: LHB Willie Brown
|
0-0: Ball 1-0: Ball 2-0: Foul Ball, location: 2F 2-1: Swinging Strike 2-2: Ball 3-2: Base on Balls
|
Batting: RHB Jaime Cruz
|
0-0: Ball 1-0: Ball 2-0: SINGLE (Line Drive, 89M) Willie Brown to second
|
Batting: RHB Abraham Jacobs
|
0-0: Called Strike 0-1: Fielders Choice at 2nd, 4-6 (Groundball, 4)
|
Bottom of the 2nd over - 1 run(s), 3 hit(s), 0 error(s), 1 left on base; Tremont 1 - Augusta 1 |
TOP OF THE 3RD |
Tremont Doubledays batting - Pitching for Augusta Timber Hawks : RHP Esteban Marino
|
Batting: RHB Mario Rivera
|
0-0: Called Strike 0-1: Swinging Strike 0-2: Strikes out swinging
|
Batting: RHB Menno van de Vlugt
|
0-0: Foul Ball, location: 2F 0-1: Swinging Strike 0-2: Ball 1-2: Ball 2-2: SINGLE (Groundball, 56D)
|
Batting: RHB Jim Unknown
|
0-0: Ball 1-0: Called Strike 1-1: SINGLE (Groundball, 56D) Menno van de Vlugt to second
|
Batting: RHB Manuel Martínez
|
0-0: Ball 1-0: Ball 2-0: Ball 3-0: Base on Balls Menno van de Vlugt to third Jim Unknown to second
|
Batting: LHB Cornelius Taitt
|
0-0: Swinging Strike 0-1: Ball 1-1: Swinging Strike 1-2: Fly out, F7 (Flyball, 7S)
|
Batting: RHB Jim Unknown
|
0-0: Ball 1-0: Foul Ball, location: 2F 1-1: Fly out, F2 (Popup, 25)
|
Top of the 3rd over - 0 run(s), 2 hit(s), 0 error(s), 3 left on base; Tremont 1 - Augusta 1 |
BOTTOM OF THE 3RD |
Augusta Timber Hawks batting - Pitching for Tremont Doubledays : RHP Jim Unknown
|
Batting: SHB Javier Valle
|
0-0: Called Strike 0-1: Ground out 4-3 (Groundball, 4)
|
Batting: RHB Jim Burch
|
0-0: Called Strike 0-1: Ball 1-1: Ball 2-1: Swinging Strike 2-2: Foul Ball, location: 2F 2-2: SINGLE (Flyball, 9S)
|
Batting: RHB Luis Tapia
|
0-0: Ball 1-0: Foul Ball, location: 2F 1-1: Swinging Strike 1-2: Foul Ball, location: 2F 1-2: Foul Ball, location: 2F 1-2: Strikes out swinging
|
Batting: RHB Bob Sargent
|
0-0: Ball 1-0: Called Strike 1-1: Fly out, F9 (Flyball, 89S)
|
Bottom of the 3rd over - 0 run(s), 1 hit(s), 0 error(s), 1 left on base; Tremont 1 - Augusta 1 |
TOP OF THE 4TH |
Tremont Doubledays batting - Pitching for Augusta Timber Hawks : RHP Esteban Marino
|
Batting: RHB Arturo Morales
|
0-0: Swinging Strike 0-1: Swinging Strike 0-2: Ball 1-2: Ground out 5-3 (Groundball, 5)
|
Batting: RHB Francisco García
|
0-0: Called Strike 0-1: Called Strike 0-2: Ball 1-2: Ball 2-2: Foul Ball, location: 2F 2-2: Ball 3-2: Base on Balls
|
Batting: RHB Jim Unknown
|
0-0: Called Strike 0-1: Foul Ball, location: 2F 0-2: Ball 1-2: Foul Ball, location: 2F 1-2: Strikes out swinging
|
Batting: RHB Mario Rivera
|
0-0: Swinging Strike 0-1: Ball Francisco García steals 2nd base 1-1: Foul Ball, location: 2F 1-2: Foul Ball, location: 2F 1-2: Strikes out swinging
|
Top of the 4th over - 0 run(s), 0 hit(s), 0 error(s), 1 left on base; Tremont 1 - Augusta 1 |
BOTTOM OF THE 4TH |
Augusta Timber Hawks batting - Pitching for Tremont Doubledays : RHP Jim Unknown
|
Batting: RHB Rubén Marino
|
0-0: Ball 1-0: Foul Ball, location: 2F 1-1: Foul Ball, location: 2F 1-2: Ground out 1-3 (Groundball, 15S)
|
Batting: LHB Luis Moreno
|
0-0: Called Strike 0-1: Ground out 4-3 (Groundball, 4)
|
Batting: LHB Willie Brown
|
0-0: Ball 1-0: Ball 2-0: Ball 3-0: Base on Balls
|
Batting: RHB Jaime Cruz
|
0-0: Ball 1-0: Swinging Strike 1-1: Ball 2-1: Foul Ball, location: 2F 2-2: Strikes out looking
|
Bottom of the 4th over - 0 run(s), 0 hit(s), 0 error(s), 1 left on base; Tremont 1 - Augusta 1 |
TOP OF THE 5TH |
Tremont Doubledays batting - Pitching for Augusta Timber Hawks : RHP Esteban Marino
|
Batting: RHB Menno van de Vlugt
|
0-0: Swinging Strike 0-1: Ball 1-1: Ball 2-1: Fly out, F8 (Flyball, 8RD)
|
Batting: RHB Jim Unknown
|
0-0: Swinging Strike 0-1: Swinging Strike 0-2: Ball 1-2: Ball 2-2: Ground out 6-3 (Groundball, 56)
|
Batting: RHB Manuel Martínez
|
0-0: Foul Ball, location: 2F 0-1: Fly out, F4 (Popup, 4MD)
|
Top of the 5th over - 0 run(s), 0 hit(s), 0 error(s), 0 left on base; Tremont 1 - Augusta 1 |
BOTTOM OF THE 5TH |
Augusta Timber Hawks batting - Pitching for Tremont Doubledays : RHP Jim Unknown
|
Batting: RHB Abraham Jacobs
|
0-0: Foul Ball, location: 2F 0-1: Bunt for hit - play at first, batter OUT! 1-3
|
Batting: SHB Javier Valle
|
0-0: Foul Ball, location: 2F 0-1: Ball 1-1: Fly out, F7 (Flyball, 7S)
|
Batting: RHB Jim Burch
|
0-0: Fly out, F5 (Popup, 5D)
|
Bottom of the 5th over - 0 run(s), 0 hit(s), 0 error(s), 0 left on base; Tremont 1 - Augusta 1 |
TOP OF THE 6TH |
Tremont Doubledays batting - Pitching for Augusta Timber Hawks : RHP Esteban Marino
|
Batting: LHB Cornelius Taitt
|
0-0: Foul Ball, location: 2F 0-1: Called Strike 0-2: Ball 1-2: Ball 2-2: Ball 3-2: Base on Balls
|
Batting: RHB Jim Unknown
|
0-0: Ball 1-0: Reached on error, E1 (Groundball, 15) Cornelius Taitt to third
|
Batting: RHB Arturo Morales
|
0-0: Ball 1-0: Called Strike 1-1: Swinging Strike 1-2: Ball 2-2: Strikes out swinging
|
Batting: RHB Francisco García
|
0-0: Ball 1-0: Ball 2-0: Foul Ball, location: 2F 2-1: Ball 3-1: Base on Balls
|
Pitching: LHP Santiago Romo
|
|
Batting: RHB Jim Unknown
|
0-0: Foul Ball, location: 2F 0-1: Foul Ball, location: 2F 0-2: Foul Ball, location: 2F 0-2: SINGLE (Line Drive, 5D) Cornelius Taitt scores Jim Unknown to third Francisco García to second
|
Batting: RHB Mario Rivera
|
0-0: Called Strike 0-1: Ball 1-1: Fly out, F8 (Flyball, 78D) Runner from 3rd tags up, SCORES, no throw
|
Batting: RHB Menno van de Vlugt
|
0-0: Ball 1-0: Swinging Strike 1-1: Foul Ball, location: 2F 1-2: Ball 2-2: Ball 3-2: Strikes out looking
|
Top of the 6th over - 2 run(s), 1 hit(s), 1 error(s), 2 left on base; Tremont 3 - Augusta 1 |
BOTTOM OF THE 6TH |
Augusta Timber Hawks batting - Pitching for Tremont Doubledays : RHP Jim Unknown
|
Batting: RHB Luis Tapia
|
0-0: Foul Ball, location: 2F 0-1: Foul Ball, location: 2F 0-2: Strikes out swinging
|
Batting: RHB Bob Sargent
|
0-0: Foul Ball, location: 2F 0-1: Ball 1-1: Foul Ball, location: 2F 1-2: Strikes out swinging
|
Batting: RHB Rubén Marino
|
0-0: Called Strike 0-1: Ball 1-1: Ball 2-1: Ball 3-1: Called Strike 3-2: SINGLE (Line Drive, 9S)
|
Batting: LHB Luis Moreno
|
0-0: SINGLE (Line Drive, 9S) Rubén Marino to second Runner from 2nd tries for 3rd, SAFE, no throw
|
Batting: LHB Willie Brown
|
0-0: Ground out 3-1 (Groundball, 34S)
|
Bottom of the 6th over - 0 run(s), 2 hit(s), 0 error(s), 2 left on base; Tremont 3 - Augusta 1 |
TOP OF THE 7TH |
Tremont Doubledays batting - Pitching for Augusta Timber Hawks : LHP Santiago Romo
|
Batting: RHB Jim Unknown
|
0-0: Called Strike 0-1: Foul Ball, location: 2F 0-2: Ball 1-2: Fly out, F9 (Flyball, 9)
|
Batting: RHB Manuel Martínez
|
0-0: Ball 1-0: Swinging Strike 1-1: Ball 2-1: Fly out, F7 (Flyball, 78S)
|
Batting: LHB Cornelius Taitt
|
0-0: Foul Ball, location: 2F 0-1: Swinging Strike 0-2: Foul Ball, location: 2F 0-2: Strikes out looking
|
Top of the 7th over - 0 run(s), 0 hit(s), 0 error(s), 0 left on base; Tremont 3 - Augusta 1 |
BOTTOM OF THE 7TH |
Augusta Timber Hawks batting - Pitching for Tremont Doubledays : RHP Jim Unknown
|
Batting: RHB Jaime Cruz
|
0-0: Ground out 1-3 (Groundball, 15S)
|
Batting: RHB Abraham Jacobs
|
0-0: Foul Ball, location: 2F 0-1: Ball 1-1: SINGLE (Groundball, 34) (infield hit)
|
Batting: SHB Javier Valle
|
0-0: Ball 1-0: Called Strike 1-1: Ball 2-1: Ball 3-1: Base on Balls Abraham Jacobs to second
|
Batting: RHB Jim Burch
|
0-0: Called Strike 0-1: Called Strike 0-2: SINGLE (Line Drive, 56) Abraham Jacobs to third Javier Valle to second Runner from 3rd tries for Home, SAFE, no throw
|
Pinch Hitting: LHB Jack Robbins
|
0-0: Ball 1-0: Foul Ball, location: 2F 1-1: Ball 2-1: Foul Ball, location: 2F 2-2: SINGLE (Line Drive, 4M) Javier Valle to third Jim Burch to second Runner from 3rd tries for Home, SAFE, no throw
|
Pitching: LHP Jim Unknown
|
|
Batting: RHB Bob Sargent
|
0-0: Foul Ball, location: 2F 0-1: Foul Ball, location: 2F 0-2: Strikes out looking
|
Batting: RHB Rubén Marino
|
0-0: Called Strike 0-1: Ball Wild Pitch! Jim Burch to third Jack Robbins to second 1-1: Ball 2-1: Ball 3-1: Called Strike 3-2: Foul Ball, location: 2F 3-2: Base on Balls
|
Pinch Hitting: RHB Pedro Jiménez
|
0-0: Ball 1-0: Ball 2-0: Ball 3-0: Called Strike 3-1: Base on Balls Jim Burch scores Jack Robbins to third Rubén Marino to second
|
Pinch Hitting: RHB Claudio Mendoza
|
0-0: Ball 1-0: Ball 2-0: Swinging Strike 2-1: Ball 3-1: Foul Ball, location: 2F 3-2: Strikes out swinging
|
Bottom of the 7th over - 3 run(s), 3 hit(s), 0 error(s), 3 left on base; Tremont 3 - Augusta 4 |
TOP OF THE 8TH |
Tremont Doubledays batting - Pitching for Augusta Timber Hawks : LHP Santiago Romo
|
Pitching: RHP Tom Sosa
|
|
Now at 1B: Claudio Mendoza
|
|
Now at 2B: Pedro Jiménez
|
|
Now in RF: Jack Robbins
|
|
Batting: RHB Jim Unknown
|
0-0: Swinging Strike 0-1: Ball 1-1: Ground out 4-3 (Groundball, 4)
|
Batting: RHB Arturo Morales
|
0-0: Called Strike 0-1: Ball 1-1: Ball 2-1: Swinging Strike 2-2: Ball 3-2: Fly out, F4 (Popup, 4D)
|
Batting: RHB Francisco García
|
0-0: Ball 1-0: Foul Ball, location: 2F 1-1: Ball 2-1: Fly out, F9 (Flyball, 9LSF)
|
Top of the 8th over - 0 run(s), 0 hit(s), 0 error(s), 0 left on base; Tremont 3 - Augusta 4 |
BOTTOM OF THE 8TH |
Augusta Timber Hawks batting - Pitching for Tremont Doubledays : LHP Jim Unknown
|
Batting: RHB Jaime Cruz
|
0-0: Foul Ball, location: 2F 0-1: Ball 1-1: Ball 2-1: Fly out, F8 (Flyball, 8RXD)
|
Batting: RHB Abraham Jacobs
|
0-0: Called Strike 0-1: Ball 1-1: SOLO HOME RUN (Flyball, 78XD), Distance : 443 ft
|
Batting: SHB Javier Valle
|
0-0: Ball 1-0: Ground out 5-3 (Groundball, 56)
|
Batting: RHB Jim Burch
|
0-0: Ball 1-0: Fly out, F8 (Flyball, 8RD)
|
Bottom of the 8th over - 1 run(s), 1 hit(s), 0 error(s), 0 left on base; Tremont 3 - Augusta 5 |
TOP OF THE 9TH |
Tremont Doubledays batting - Pitching for Augusta Timber Hawks : RHP Tom Sosa
|
Pitching: RHP Ben Fleming
|
|
Batting: RHB Jim Unknown
|
0-0: Called Strike 0-1: Ball 1-1: Ball 2-1: Called Strike 2-2: Ball 3-2: Strikes out swinging
|
Batting: RHB Mario Rivera
|
0-0: Ball 1-0: Ball 2-0: Called Strike 2-1: SINGLE (Groundball, 6D)
|
Batting: RHB Menno van de Vlugt
|
0-0: Ball 1-0: Ball 2-0: Called Strike 2-1: SINGLE (Flyball, 8LS) Mario Rivera to second
|
Pinch Hitting: RHB Jim Unknown
|
0-0: Called Strike 0-1: Swinging Strike 0-2: Foul Ball, location: 2F 0-2: Ball 1-2: Strikes out swinging
|
Batting: RHB Manuel Martínez
|
0-0: Ball 1-0: Ball 2-0: Swinging Strike 2-1: Swinging Strike 2-2: SINGLE (Line Drive, 6) Mario Rivera to third Menno van de Vlugt to second Runner from 3rd tries for Home, SAFE, no throw
|
Batting: LHB Cornelius Taitt
|
0-0: Ball 1-0: Swinging Strike 1-1: Swinging Strike 1-2: Ball 2-2: Foul Ball, location: 2F 2-2: Ball 3-2: SINGLE (Groundball, 4D) Menno van de Vlugt to third Manuel Martínez to second Menno van de Vlugt scores Manuel Martínez to third
|
Batting: RHB Jim Unknown
|
0-0: Ball 1-0: Called Strike 1-1: Ball 2-1: Foul Ball, location: 2F 2-2: Strikes out swinging
|
Top of the 9th over - 2 run(s), 4 hit(s), 0 error(s), 2 left on base; Tremont 5 - Augusta 5 |
BOTTOM OF THE 9TH |
Augusta Timber Hawks batting - Pitching for Tremont Doubledays : LHP Jim Unknown
|
Pitching: RHP Jim Unknown
|
|
Now at C: Jim Unknown
|
|
Batting: LHB Jack Robbins
|
0-0: Called Strike 0-1: Swinging Strike 0-2: Ball 1-2: Strikes out swinging
|
Batting: RHB Bob Sargent
|
0-0: Ball 1-0: Foul Ball, location: 2F 1-1: Called Strike 1-2: Ball 2-2: Foul Ball, location: 2F 2-2: Foul Ball, location: 2F 2-2: Foul Ball, location: 2F 2-2: Ball 3-2: Base on Balls
|
Pinch Runner at 1st Enrique Pimentel:
|
|
Pinch Hitting: LHB Dinis Marcha
|
0-0: Ball 1-0: Ball 2-0: Fly out, F8 (Flyball, 8RM)
|
Batting: RHB Pedro Jiménez
|
0-0: Ball 1-0: Foul Ball, location: 2F 1-1: Swinging Strike 1-2: Strikes out swinging
|
Bottom of the 9th over - 0 run(s), 0 hit(s), 0 error(s), 1 left on base; Tremont 5 - Augusta 5 |
TOP OF THE 10TH |
Tremont Doubledays batting - Pitching for Augusta Timber Hawks : RHP Ben Fleming
|
Now at 3B: Gustavo Vázquez
|
|
Batting: RHB Arturo Morales
|
0-0: Ground out 6-3 (Groundball, 6)
|
Batting: RHB Francisco García
|
0-0: Called Strike 0-1: Ball 1-1: Ball 2-1: Ball 3-1: Foul Ball, location: 2F 3-2: Foul Ball, location: 2F 3-2: Base on Balls
|
Batting: RHB Jim Unknown
|
0-0: Grounds into double play, 6-4-3 (Groundball, 6)
|
Top of the 10th over - 0 run(s), 0 hit(s), 0 error(s), 0 left on base; Tremont 5 - Augusta 5 |
BOTTOM OF THE 10TH |
Augusta Timber Hawks batting - Pitching for Tremont Doubledays : RHP Jim Unknown
|
Batting: RHB Claudio Mendoza
|
0-0: Foul Ball, location: 2F 0-1: Ball 1-1: Called Strike 1-2: SOLO HOME RUN (Flyball, 78XD), Distance : 444 ft
|
Friday, December 30th, 2016 - OOTP Baseball 17.12 Build 75
|
|